 Dungeon Crawl Stone Soup version 0.28-a0-1404-g4df0f3684d (webtiles) character file.

Game seed: 16897821248738031264

180 fragbeetle the Ruffian (level 5, -12/41 HPs)
             Began as a Draconian Transmuter on Jan 6, 2022.
             Killed by an exploding goblin (14 damage)
             ... ignited by their inner flame
             ... on level 4 of the Dungeon.
             The game lasted 00:09:22 (2363 turns).

fragbeetle the Ruffian (Draconian Transmuter)       Turns: 2363, Time: 00:09:22

Health: -12/41     AC:  5    Str: 14    XL:     5   Next: 33%
Magic:  7/8        EV: 12    Int: 14    God:
Gold:   61         SH:  0    Dex: 11    Spells: 4/8 levels left

rFire   . . .      SeeInvis .     - Unarmed
rCold   . . .      Faith    .   (no shield)
rNeg    . . .      Spirit   .   (armour unavailable)
rPois   +          Reflect  .   (helmet currently unavailable)
rElec   .          Harm     .   (no cloak)
rCorr   .          Rampage  .   (no gloves)
Will    .....                   (boots currently unavailable)
Stlth   +.........              (no amulet)
HPRegen 0.13/turn               j - ring of poison resistance
MPRegen 0.11/turn               (no ring)

@: appendages, hasted, very quick
A: horns 2, talons 2, AC +5, unfitting armour, cold-blooded
a: End Transformation


You were on level 4 of the Dungeon.
You had temporarily grown beastly horns and talons.
You visited 1 branch of the dungeon, and saw 4 of its levels.

You collected 94 gold pieces.
You spent 33 gold pieces at shops.

Inventory:

Missiles
 a - 104 stones
 e - 50 poisoned darts
 h - 27 sling bullets
 i - a boomerang of dispersal
Armour
 c - an orb of wrath
 k - a +0 pair of boots (melded)
Magical Staves
 g - a staff of death
Jewellery
 j - a ring of poison resistance (left hand)
Potions
 d - 2 potions of haste
 f - a potion of brilliance {unknown}


   Skills:
 + Level 2.2 Fighting
 + Level 2.5 Dodging
 * Level 4.1 Unarmed Combat
 - Level 2.0 Spellcasting
 * Level 3.6 Transmutations
 + Level 1.0 Poison Magic


You had 4 spell levels left.
You knew the following spells:

 Your Spells              Type           Power      Damage    Failure   Level
a - Beastly Appendage     Tmut           22%        N/A       5%          1
b - Spider Form           Tmut/Pois      7%         N/A       28%         3

Your spell library contained the following spells:

 Spells                   Type           Power      Damage    Failure   Level
 Wereblood                Tmut           11%        N/A       9%          2
 Ensorcelled Hibernation  Hex/Ice        2%         N/A       34%         2
 Tukima's Dance           Hex            1%         N/A       56%         3
 Ice Form                 Ice/Tmut       6%         N/A       75%         4
 Enfeeble                 Hex            0%         N/A       100%        7
 Chain Lightning          Conj/Air       0%         2d1       100%        9
 Fire Storm               Conj/Fire      0%         6d1       100%        9
 Shatter                  Erth           0%         3d5*      100%        9


Dungeon Overview and Level Annotations

Branches:
Dungeon (4/15)
 Temple: D:4-7

Altars:

Shops:
D:1 :   D:2 ?

Annotations:
D:2 Sigmund
D:3 Grinder
D:4 Dowan, Duvessa, Ijyb


Innate Abilities, Weirdness & Mutations

You have temporarily grown beastly horns and talons.
Your plain brown scales are hard. (AC +5)
You cannot fit into any form of body armour.
You are cold-blooded and may be slowed by cold attacks.


Message History

The hound closely misses you.
You hit the hound. You claw the hound.
You kill the hound!
You closely miss the ball python. You claw the ball python.
You kill the ball python!
You see here a ball python corpse.
Ijyb barely misses you.
You hit the dart slug.
You claw the dart slug, but do no damage.
You headbutt the dart slug, but do no damage.
The dart slug is heavily wounded.
The dart slug launches a dart at you. The slug dart hits you.
You hit the dart slug. You claw the dart slug.
You kill the dart slug!
Ijyb closely misses you.
Your Poison Magic skill increases to level 1!
As you read the scroll labelled FAVOAWNESE, it crumbles to dust.
The creatures around you are filled with an inner flame!
It was a scroll of immolation.
Ijyb hits you with a +6 spectral club!
Duvessa hits you with a +2 short sword of speed!
Casting: Beastly Appendage (safe; 5% risk of failure)
Confirm with . or Enter, or press ? or * to list all spells.
You extend your transformation's duration.
Duvessa hits you with a +2 short sword of speed!
* * * LOW HITPOINT WARNING * * *
You hit Ijyb but do no damage. You claw Ijyb, but do no damage.
You headbutt Ijyb, but do no damage. Your punch misses Ijyb.
Ijyb hits you with a +6 spectral club!
* * * LOW HITPOINT WARNING * * *
Dowan casts a spell.
Dowan blinks!
You hit Ijyb but do no damage. You claw Ijyb, but do no damage.
Your tail-slap misses Ijyb.
You closely miss Ijyb. Your kick misses Ijyb.
Your tail-slap misses Ijyb.
Ijyb completely misses you.
You hit the goblin.
The goblin explodes!
The fiery explosion engulfs the ogre!!!
The fiery explosion engulfs you!
You die...

#############
.........§)@ge###
...O.########Z§.#
...... #..##
......#######Z.#
......>#....Z...#
##..?........w####
####....).....o....#
..........g.<)..$.....
. .....e........######


You could see Duvessa (inner flame), Ijyb (inner flame) and a centaur skeleton.

Vanquished Creatures
  An ogre (D:4)
  A hound (D:4)
  An orc wizard (D:3)
  4 adders
  2 worms
  3 dart slugs
  6 orcs
  11 ball pythons
  5 endoplasms
  2 giant cockroaches (D:1)
  8 goblins
  3 hobgoblins
  2 jackals (D:1)
  9 kobolds
  2 quokkas
  5 bats
  6 frilled lizards
  5 rats
76 creatures vanquished.

Notes
Turn   | Place    | Note
-------+----------+-------------------------------------------
     0 | D:1      | fragbeetle the Draconian Transmuter began the quest for the
                  | Orb.
     0 | D:1      | Reached XP level 1. HP: 16/16 MP: 3/3
   120 | D:1      | Reached XP level 2. HP: 23/23 MP: 1/5
   547 | D:1      | Reached XP level 3. HP: 14/28 MP: 6/6
  1031 | D:1      | Found Vudob's Book Shoppe.
  1149 | D:2      | Found a faded altar of an unknown god.
  1275 | D:2      | Found Uvuy's Magic Scroll Boutique.
  1287 | D:2      | Bought a scroll of identify for 22 gold pieces
  1287 | D:2      | Bought a scroll of noise for 11 gold pieces
  1335 | D:2      | Reached XP level 4. HP: 23/36 MP: 7/7
  1348 | D:2      | Learned a level 3 spell: Spider Form
  1591 | D:2      | Noticed Sigmund
  1974 | D:3      | Noticed Grinder
  2126 | D:3      | Reached skill level 4 in Unarmed Combat
  2126 | D:3      | Reached XP level 5. HP: 31/41 MP: 1/8
  2273 | D:4      | Noticed Duvessa
  2273 | D:4      | Noticed Dowan
  2273 | D:4      | Noticed Ijyb
  2273 | D:4      | Noticed an ogre
  2357 | D:4      | Reached skill level 1 in Poison Magic
  2360 | D:4      | HP: 2/41 [Ijyb (8)]
  2363 | D:4      | Killed an ogre
  2363 | D:4      | Killed by an exploding goblin... ignited by their inner
                  | flame

Illustrated notes

Levels and vault maps discovered:
D:1:      minmay_arrival_stair_chambers, layout_loops_cross, serial_shops, shop,
          st_stairs_1, grunt_decor_arrowhead
D:2:      layout_rooms, serial_shops, shop, chequers_ecumenical_altar_simple,
          uniq_sigmund
D:3:      layout_rooms, palyth_stone_intersect, uniq_grinder
D:4:      layout_rooms, uniq_duvessa, uniq_ijyb, uniq_pikel

Skill      XL: |  1  2  3  4  5 |
---------------+----------------+-----
Dodging        | 2 |  2.5
Transmutations | 3 |  3.6
Fighting       | 2 |  2.2
Unarmed Combat | 4 |  4.1
Poison Magic   | 1 |  1.0
Spellcasting   | |  2.0

Action                   |  1- 3 |  4- 6 || total
-------------------------+-------+-------++-------
Melee: Unarmed           |   118 |    76 ||   194
       Kick              |    16 |    19 ||    35
       Headbutt          |    11 |     9 ||    20
       Tailslap          |     8 |     7 ||    15
       Punch             |     1 |       ||     1
 Cast: Beastly Appendage |    28 |    17 ||    45
       Spider Form       |       |     1 ||     1
  Use: Scroll            |     1 |     1 ||     2
       Potion            |       |     1 ||     1
 Stab: Sleeping          |     1 |       ||     1
Armor: Skin              |    34 |    15 ||    49
Dodge: Dodged            |    67 |    38 ||   105

Table legend: (Time is in decaauts)
 A = Elapsed time spent in this place.
 B = Non-inter-level travel time spent in this place.
 C = Inter-level travel time spent in this place.
 D = Time resting spent in this place.
 E = Time spent auto-exploring this place.
 F = Levels seen in this place.
 G = Mean time per level.
                   A        B        C        D        E       F      G
               +--------+--------+--------+--------+--------+-----+--------+
         Total |   2340 |   2316 |     24 |    391 |    717 |   4 |  585.0 |
       Dungeon |   2340 |   2316 |     24 |    391 |    717 |   4 |  585.0 |
               +--------+--------+--------+--------+--------+-----+--------+

Top non-repeatable levels by time:
     D:1: 1144 daAuts
     D:3: 664 daAuts
     D:2: 507 daAuts
     D:4: 23 daAuts
